← All builds
Suicide front / Armada / Factory first / OBSERVED BUILD

Standard suicide front

Armada Suicide front build order · Supreme Isthmus

The role's baseline: Bot Lab at 0:21 then straight into reclaim-fed T1 bot production to contest the middle and hold until T2 arrives, with an Advanced Metal Extractor around 9:45.

#rush · 2216 distinct matches · 258 players · 72% of Armada Suicide front games · team won 59% of 2605 · Recently observed

HOW TO PLAY IT

Key timing: Bot Lab by 0:20

  1. Open with mex and lab-first to get Bot Lab up by 0:20.
  2. Expand mex and wind while lab pumps units toward middle.
  3. Push Sentry and early Rocketeer, Centurion to contest middle.
  4. Get T2 constructor out once Pond's boost lets you spare metal.
  5. Upgrade mex to Advanced Metal Extractor as you transition off T1 spam.

Phase by phase

TYPICAL OF ITS 2216 GAMES
  1. 1
  2. 2
  3. 3
PLAY THE OPENING

Follow the example game's first 6:00 step by step: what to build now, what comes next, and where it goes. At 1× it keeps pace with your own game.

  1. 1

    Bot Lab first

    Order
    1. Bot LabBot Lab done ~0:26, middle half 0:20–0:33

    Some games also: mex (47%)

  2. 2

    Bot Lab to 5:00

    Economy
    • Metal Extractor5Mex
    • Wind Turbine4Wind
    Builders
    • Construction Bot3 Con bot
    • Lazarus2 Lazarus
    Army
    • Sentry4 Sentry
    • Rocketeer16 Rocketeer
    • Tick2 Tick
    • Centurion1 Centurion
    Other
    • Radar Tower1 Radar Tower

    Some games also: pawn (39%) · con turret (34%)

    By 5:00 in all: 5 mex · 4 wind

    The example game in this phase · 42 steps
    1. TickTick
    2. Wind
    3. TickTick
    4. Wind
    5. LazarusLazarus
    6. Mex
    7. Construction BotCon bot ×2
    8. CenturionCenturion
    9. Mex ×2
    10. LazarusLazarus
    11. Mex
    12. RocketeerRocketeer
    13. Radar TowerRadar Tower
    14. SentrySentry
    15. RocketeerRocketeer
    16. SentrySentry
    17. Wind
    18. RocketeerRocketeer
    19. Mex
    20. BeamerBeamer
    21. RocketeerRocketeer
    22. Wind
    23. OverwatchOverwatch
    24. RocketeerRocketeer
    25. Wind
    26. LazarusLazarus
    27. Wind
    28. BeamerBeamer
    29. RocketeerRocketeer
    30. Wind
    31. RocketeerRocketeer ×2
    32. Wind
    33. Con turret
    34. RocketeerRocketeer
    35. Wind
    36. RocketeerRocketeer
    37. LazarusLazarus ×2
    38. Wind
    39. GauntletGauntletdone 5:23
    40. Dragon's TeethDragon's Teeth ×6
    41. RocketeerRocketeer
    42. Con turret
  3. 3

    5:00 to 10:00

    Economy
    • Metal Extractor1Mex
    • Wind Turbine15Wind
    Builders
    • Construction Turret2 Con turret
    • Lazarus2 Lazarus
    • Construction Bot1 Con bot
    Army
    • Sentry1 Sentry
    • Rocketeer8 Rocketeer

    Some games also: pawn (48%) · Radar Tower (46%) · centurion (44%) · tick (43%) · energy storage (42%) · eat Bot Lab (31%)

    By 10:00 in all: 6 mex · 21 wind · 1 energy storage · 2 con turret

    The example game in this phase · 119 steps
    1. RocketeerRocketeer
    2. BeamerBeamer
    3. RocketeerRocketeer
    4. TickTick ×4
    5. RocketeerRocketeer ×2
    6. Energy storage
    7. RocketeerRocketeer
    8. GauntletGauntlet
    9. LazarusLazarus
    10. Converter
    11. RocketeerRocketeer
    12. Construction BotCon bot
    13. Converter
    14. Construction BotCon bot
    15. Converter
    16. CenturionCenturion
    17. RocketeerRocketeer
    18. Converter
    19. RocketeerRocketeer ×2
    20. Wind ×2
    21. RocketeerRocketeer
    22. OverwatchOverwatch
    23. Wind
    24. Mex
    25. Construction BotCon bot
    26. Wind
    27. Construction BotCon bot
    28. Wind ×2
    29. Dragon's TeethDragon's Teeth
    30. RocketeerRocketeer ×2
    31. Dragon's TeethDragon's Teeth ×2
    32. Wind
    33. Dragon's TeethDragon's Teeth ×2
    34. Construction BotCon bot
    35. Dragon's TeethDragon's Teeth
    36. Wind
    37. Mex
    38. BeamerBeamer
    39. Construction BotCon bot
    40. Wind
    41. Con turret
    42. Advanced Metal ExtractorT2 mexdone 9:23 · typical 9:48
    43. Wind ×4
    44. Advanced Metal ExtractorT2 mex
    45. Wind ×3
    46. LazarusLazarus
    47. Con turret
    48. Wind
    49. Con turret
    50. Wind
    51. LazarusLazarus
    52. Sneaky PeteSneaky Pete
    53. Advanced Metal ExtractorT2 mex
    54. Wind
    55. Dragon's TeethDragon's Teeth ×5
    56. Wind
    57. Dragon's TeethDragon's Teeth ×2
    58. TickTick
    59. Dragon's TeethDragon's Teeth ×2
    60. Con turret
    61. Dragon's TeethDragon's Teeth ×2
    62. Wind
    63. TickTick
    64. Dragon's TeethDragon's Teeth
    65. TickTick
    66. Dragon's TeethDragon's Teeth
    67. Con turret
    68. TickTick ×2
    69. Dragon's TeethDragon's Teeth
    70. TickTick
    71. Dragon's TeethDragon's Teeth ×2
    72. TickTick
    73. Dragon's TeethDragon's Teeth ×2
    74. TickTick
    75. Dragon's TeethDragon's Teeth
    76. Energy storage
    77. Dragon's TeethDragon's Teeth
    78. Wind
    79. Dragon's TeethDragon's Teeth
    80. TickTick
    81. Dragon's TeethDragon's Teeth ×2
    82. Wind
    83. Dragon's TeethDragon's Teeth
    84. Advanced Metal ExtractorT2 mex
    85. Dragon's TeethDragon's Teeth ×2
    86. TickTick
    87. Wind
    88. Dragon's TeethDragon's Teeth ×2
    89. Wind ×2
    90. TickTick
    91. Dragon's TeethDragon's Teeth
    92. TickTick
    93. Wind ×2
    94. TickTick
    95. Dragon's TeethDragon's Teeth
    96. Wind
    97. TickTick
    98. Converter
    99. Dragon's TeethDragon's Teeth
    100. TickTick
    101. Converter
    102. Dragon's TeethDragon's Teeth
    103. TickTick ×2
    104. Wind ×2
    105. TickTick
    106. Wind
    107. TickTick
    108. Wind
    109. TickTick
    110. Dragon's TeethDragon's Teeth
    111. TickTick
    112. Dragon's TeethDragon's Teeth
    113. Wind ×2
    114. Dragon's TeethDragon's Teeth
    115. TickTick
    116. Dragon's ClawDragon's Claw
    117. TickTick
    118. Wind ×2
    119. TickTick

Counts are medians over the build's games: half of them build more, half fewer. The example game is Ling_long's (39 OS, 15/10/2026); pick another.

Team trades

IN AT LEAST 30% OF ITS GAMES

You hand over

Nothing regular.

You get

  • Tidal Generator4 Tidal from Pondfirst at 0:11 · in 68% of games
  • Advanced Construction Bot1 T2 con bot from Geo or Techfirst at 7:45 · in 57% of games

How it plays out

Typical game of this build, running totals by minute

Metal produced

010k20k
0:005:0010:0015:00

metal

Enemy metal destroyed

05k10k
0:005:0010:0015:00

metal

Own metal lost

05k10k
0:005:0010:0015:00

metal

2605 games.

Show as table
ByMetal produced: This buildEnemy metal destroyed: This buildOwn metal lost: This build
1:0023000
2:0088700
3:002006192130
4:003107647502
5:0041891358988
6:00535722041677
7:00655630882550
8:00776339643443
9:00904547304337
10:001040253555130
11:001185358975902
12:001354764456636
13:001535369167401
14:001723175498179
15:001916181678947
WHAT THE NUMBERS SAY

Standard Suicide front play wins a bit over half its games while taking the heaviest own losses of any role by 15:00.

  • + Produces 20142 metal by 15:00, highest of the front roles.
  • + First kill by 2:01 in all games, fastest contest of middle.
  • − Own metal lost hits 9178 by 15:00, more than enemy metal destroyed.
  • − Only 34% Rocketeer share shows army spread thin across many bot types.
THE EXAMPLE YOU ARE READING

Ling_long

39.3 OS · 15/10/2026

Open source match ↗

6 received units · includes a constructor
260 metal received · 38873 energy received

Allied construction assistance is unknown. Timings are observations, not a promise of solo reproducibility.

Typical milestones

Bot Lab0:26Middle 50%: 0:20–0:33 · n=2596
Advanced Metal Extractor9:48Middle 50%: 8:52–11:00 · n=1866

Played most by

_X_264games of this buildPlatinumBlonde187games of this buildXad165games of this buildTrapCaT111games of this buildImmort80games of this build